 Dungeon Crawl Stone Soup version 0.30-a0-1094-g860fb061e7 (webtiles) character file.

Game seed: 14609305121122879317

27 lunkers the Ruffian (level 3, -3/29 (31) HPs)
             Began as a Meteoran Fighter on Apr 17, 2023.
             Was an Initiate of Gozag.
             Slain by Crazy Yiuf
             ... wielding a +4 quarterstaff of chaos
              (12 damage)
             ... on level 2 of the Dungeon.
             The game lasted 00:01:16 (510 turns).

lunkers the Ruffian (Meteoran Fighter)               Turns: 510, Time: 00:01:16

HP:   -3/29 (31)    AC:  6    Str: 17    XL:     3   Next: 44%
MP:   4/4           EV:  9    Int: 10    God:    Gozag
Gold: 24            SH:  5    Dex: 15    Spells: 2/2 levels left

rFire   . . .      SeeInvis .      - Unarmed
rCold   . . .      Faith    .    b - +0 buckler
rNeg    . . .      Spirit   .    a - +0 scale mail
rPois   .          Reflect  .    (no helmet)
rElec   .          Rampage  .    (no cloak)
rCorr   .                        (no gloves)
Will    .....                    (no boots) Stlth
                                 (no amulet)
HPRegen 0.24/turn                (no ring)
MPRegen 0.09/turn                (no ring)

@: glowing, drained
A: sense surroundings 1, otherworldly, glowing, explore regen
a: Renounce Religion, Potion Petition, Call Merchant, Bribe Branch


You were on level 2 of the Dungeon.
You worshipped Gozag.
Gozag was noncommittal.
You visited 1 branch of the dungeon, and saw 2 of its levels.

You collected 24 gold pieces.

Inventory:

Armour
 a - a +0 scale mail (worn)
 b - a +0 buckler (worn)
Scrolls
 d - a scroll of poison {unknown}
 e - a scroll of teleportation {unknown}
 g - a scroll of identify {unknown}
Potions
 c - a potion of might
 f - a potion of curing {unknown}


   Skills:
 - Level 3.2 Fighting
 - Level 3.6 Armour
 - Level 3.6 Shields
 + Level 4.2 Unarmed Combat


You had 2 spell levels left.
You didn't know any spells.
Your spell library was empty.

Dungeon Overview and Level Annotations

Branches:
Dungeon (2/15) Zot: 691

Altars:
Gozag

Annotations:
D:2 Crazy Yiuf


Innate Abilities, Weirdness & Mutations

You passively map a small area around you.
You are easily found by Zot.
You glow in the dark.
You regain HP and MP as you explore.


Message History

You now have 16 gold pieces (gained 8).
You see here a +0 ring mail.
f - a lumpy emerald potion
g - a scroll labelled FORAOPNO KAKOL A hobgoblin comes into view.
The hobgoblin shouts!
A hobgoblin is nearby!
The hobgoblin closely misses you.
You hit the hobgoblin.
You kill the hobgoblin!
No target in view!
No target in view!
No target in view!
No target in view!
No target in view!
No target in view!
No target in view!
No target in view!
No target in view!
No target in view!
You now have 24 gold pieces (gained 8).
Found a stone staircase leading down.
There is a stone staircase leading down here.
Found a hammer.
Found a runed translucent door.
You open the door.
Crazy Yiuf laughs, "Mountain!"
You hit Crazy Yiuf but do no damage.
Crazy Yiuf laughs, "Blight!"
You block Crazy Yiuf's attack.
You hit Crazy Yiuf but do no damage.
Crazy Yiuf hits you with a +4 quarterstaff of chaos!
* * * LOW HITPOINT WARNING * * *
You feel drained.
* * * LOW HITPOINT WARNING * * *
You are too injured to fight recklessly!
You are too injured to fight recklessly!
You closely miss Crazy Yiuf.
Crazy Yiuf hits you with a +4 quarterstaff of chaos!
You die...
Your body crumbles into a pile of gold.

# # * # , # ,
########## # , * ###
###.#...+..###### ,
#...##..#.............
* *
#...g@####......#####.
* #)..### ##..+.## #.
### ###### #. ## * *
,*


You could see Crazy Yiuf.

Vanquished Creatures
  2 dart slugs (D:2)
  2 endoplasms (D:2)
  3 goblins
  5 hobgoblins
  3 ball pythons
  A bat (D:2)
  A frilled lizard (D:2)
  3 kobolds
  2 rats
22 creatures vanquished.

Notes
Turn   | Place    | Note
-------+----------+-------------------------------------------
     0 | D:1      | lunkers the Meteoran Fighter began the quest for the Orb.
     0 | D:1      | Reached XP level 1. HP: 19/19 MP: 2/2
   178 | D:1      | Reached skill level 3 in Unarmed Combat
   178 | D:1      | Reached XP level 2. HP: 26/26 MP: 3/3
   329 | D:2      | Reached XP level 3. HP: 26/31 MP: 4/4
   346 | D:2      | Reached skill level 4 in Unarmed Combat
   376 | D:2      | Found a faded altar of an unknown god.
   403 | D:2      | Prayed at the altar of an unknown god.
   403 | D:2      | Became a worshipper of Gozag Ym Sagoz the Greedy
   503 | D:2      | Found a runed translucent door.
   504 | D:2      | Noticed Crazy Yiuf
   510 | D:2      | Slain by Crazy Yiuf

Illustrated notes

Levels and vault maps discovered:
D:1:      heliophobic_arrival_enchanted_forest, layout_loops_cross,
          dreamdust_mushroom_princess, minmay_misc_feat_x
D:2:      layout_basic, nicolae_ecumenical_pavilion, uniq_crazy_yiuf_cottage,
          uniq_natasha

Skill      XL: |  1  2  3 |
---------------+----------+-----
Unarmed Combat | 3 4 |  4.2
Fighting       | |  3.2
Armour         | |  3.6
Shields        | |  3.6

Action                     || total
---------------------------++-------
  Melee: Unarmed           ||    57
 Armour: Scale mail        ||    36
  Dodge: Dodged            ||    15
  Block: Buckler           ||    12

Table legend: (Time is in decaauts)
 A = Elapsed time spent in this place.
 B = Non-inter-level travel time spent in this place.
 C = Inter-level travel time spent in this place.
 D = Time resting spent in this place.
 E = Time spent auto-exploring this place.
 F = Levels seen in this place.
 G = Mean time per level.
                   A        B        C        D        E       F      G
               +--------+--------+--------+--------+--------+-----+--------+
         Total |    507 |    499 |      8 |      0 |    357 |   2 |  253.5 |
       Dungeon |    507 |    499 |      8 |      0 |    357 |   2 |  253.5 |
               +--------+--------+--------+--------+--------+-----+--------+

Top non-repeatable levels by time:
     D:2: 260 daAuts
     D:1: 247 daAuts
